 Dungeon Crawl Stone Soup version 0.24.0-123-gd5b16e6ec5 (webtiles) character file.

Game seed: 1741953661391152462, levelgen mode: deterministic

227 Emblim88 the Stinger (level 5, -8/24 HPs)
             Began as a Spriggan Venom Mage on Jan 4, 2020.
             Shot with an arrow by a centaur (12 damage)
             ... on level 4 of the Dungeon.
             The game lasted 00:10:17 (3687 turns).

Emblim88 the Stinger (Spriggan Venom Mage)          Turns: 3687, Time: 00:10:17

Health: -8/24      AC:  2    Str:  4    XL:     5   Next: 70%
Magic:  9/11       EV: 20    Int: 17    God:
Gold:   59         SH:  0    Dex: 17    Spells: 5/11 levels left

rFire    . . .     SeeInvis +   j - +4 dagger
rCold    . . .     Gourm    .   (shield restricted)
rNeg     . . .     Faith    .   a - +0 robe
rPois    .         Spirit   .   (helmet restricted)
rElec    .         Reflect  .   (no cloak)
rCorr    .         Harm     .   (gloves unavailable)
MR       .....                  (boots unavailable)
Stlth    +++.......             (no amulet)
HPRegen  0.08/turn              b - ring of flight
MPRegen  0.12/turn              (no ring)

@: very quick
A: very small, unfitting armour, see invisible, herbivore, speed 3, slow
metabolism 2
a: Evoke Flight


You were on level 4 of the Dungeon.
You were very hungry.

You visited 1 branch of the dungeon, and saw 4 of its levels.

You collected 59 gold pieces.

Inventory:

Hand Weapons
 f - a +0 hunting sling
 j - a +4 dagger (weapon)
Missiles
 h - 9 poisoned darts (quivered)
Armour
 a - a +0 robe (worn)
Jewellery
 b - a ring of flight (left hand)
 l - an uncursed amulet of rage
Wands
 k - a wand of polymorph (13)
Scrolls
 e - a scroll of magic mapping {unknown}
 g - 2 scrolls of immolation {unknown}
 i - a scroll of enchant weapon {unknown}
Potions
 d - 4 potions of curing {unknown}
 m - a potion of experience {unknown}
 n - a potion of degeneration {unknown}
 o - a potion of cancellation {unknown}
 p - a potion of brilliance {unknown}
 q - 2 potions of flight {unknown}
Comestibles
 c - 7 rations


   Skills:
 + Level 4.4 Dodging
 + Level 4.4 Stealth
 + Level 3.7 Spellcasting
 + Level 1.7 Conjurations
 * Level 4.5 Poison Magic


You had 5 spell levels left.
You knew the following spells:

 Your Spells              Type           Power        Failure   Level  Hunger
a - Sting                 Conj/Pois      ##..         4%          1    None
b - Poisonous Vapours     Pois/Air       ##....       10%         2    ##.....
c - Mephitic Cloud        Conj/Pois/Air  ##......     21%         3    ###....

Your spell library contained the following spells:

 Spells                   Type           Power        Failure   Level  Hunger
 Olgreb's Toxic Radiance  Pois           ###.....     24%         4    ####...
 Venom Bolt               Conj/Pois      ##........   77%         5    ######.


Dungeon Overview and Level Annotations

Branches:
Dungeon (4/15)
 Temple: D:4-7

Altars:
Xom


Innate Abilities, Weirdness & Mutations

You are very small and have problems with some larger weapons.
You are too small for most types of armour.
You have supernaturally acute eyesight. (SInv)
You are a herbivore.
You cover ground extremely quickly.
You need to consume almost no food.


Message History

Poisonous vapours surround the orc!
The orc is engulfed in poison gas.
The orc is poisoned.
You kill the orc!
You start resting.
Magic restored.
You climb downwards.
The centaur shoots an arrow.
The arrow hits you.
The centaur shoots an arrow.
The arrow hits you!
Ouch! That really hurt!
* * * LOW HITPOINT WARNING * * *
There is a stone staircase leading up, spattered with blood here.
You see here 2 arrows.
Casting: Poisonous Vapours (safe; 10% risk of failure)
Confirm with . or Enter, or press ? or * to list all spells.
Aiming: Poisonous Vapours (safe; 10% risk of failure)
Press: ? - help, Dir - move target cursor, f - centaur
Aim: a centaur, wielding a -1 shortbow Poisonous vapours surround the centaur!
The centaur is engulfed in poison gas.
The centaur is poisoned.
The centaur shoots an arrow.
The arrow hits you!
Ouch! That really hurt!
You die... ## .# .# .# .# ########.# ≈≈≈≈...@(# ###≈c##### +

You could see a centaur.

Vanquished Creatures
  Jessica (D:3)
  Terence (D:2)
  5 gnolls
  7 adders
  An ooze (D:1)
  A leopard gecko (D:1)
  An orc (D:3)
  3 giant cockroaches
  7 goblins
  10 hobgoblins
  8 kobolds
  2 quokkas
  3 ball pythons
  6 bats
  8 rats
64 creatures vanquished.

Notes
Turn   | Place    | Note
-------+----------+-------------------------------------------
     0 | D:1      | Emblim88 the Spriggan Venom Mage began the quest for the
                  | Orb.
     0 | D:1      | Reached XP level 1. HP: 9/9 MP: 5/5
   264 | D:1      | Reached XP level 2. HP: 13/13 MP: 4/6
   729 | D:1      | Reached skill level 1 in Conjurations
   729 | D:1      | Reached XP level 3. HP: 16/16 MP: 3/8
   797 | D:1      | Learned a level 2 spell: Poisonous Vapours
   801 | D:1      | Learned a level 3 spell: Mephitic Cloud
  1464 | D:2      | Reached XP level 4. HP: 21/21 MP: 0/9
  1636 | D:2      | Noticed Terence
  1653 | D:2      | Killed Terence
  2113 | D:2      | Reached XP level 5. HP: 22/24 MP: 5/11
  2729 | D:3      | Found a shimmering altar of Xom.
  3091 | D:3      | Noticed Jessica
  3093 | D:3      | Killed Jessica
  3638 | D:4      | Noticed a centaur
  3687 | D:4      | Shot with an arrow by a centaur

Levels and vault maps discovered:
D:1:      dpeg_arrival_three_same_balls, layout_basic, minmay_heptomino_o4
D:2:      layout_loops_corners, uniq_terence
D:3:      layout_basic, first_ration, corexii_corridor_pit, xom_teletrap_fun,
          uniq_jessica
D:4:      layout_loops_ring, kennysheep_mini_moat, lemuel_round_altar,
          grunt_qazlal_clouds

Skill      XL: |  1  2  3  4 |
---------------+-------------+-----
Spellcasting   | 3 |  3.7
Conjurations   | 1 |  1.7
Stealth        | 4 |  4.4
Dodging        | 4 |  4.4
Poison Magic   | 4 |  4.5

Action                   |  1- 3 |  4- 6 || total
-------------------------+-------+-------++-------
Melee: Unarmed           |     2 |       ||     2
       Dagger            |       |    15 ||    15
Throw: Dart              |     1 |       ||     1
 Cast: Sting             |    38 |       ||    38
       Poisonous Vapours |    10 |    59 ||    69
  Eat: Ration            |       |     1 ||     1
Armor: Robe              |     1 |     2 ||     3
Dodge: Dodged            |     5 |    13 ||    18
